 Dungeon Crawl Stone Soup version 0.18-a0-1782-gb76a692 (webtiles) character file.

55 Moloch the Sneak (level 3, 0/16 HPs)
             Began as a Spriggan Enchanter on Apr 17, 2016.
             Slain by a hobgoblin (7 damage)
             ... led by Robin
             ... on level 2 of the Dungeon.
             The game lasted 00:07:23 (2429 turns).

Moloch the Sneak (Spriggan Enchanter)               Turns: 2429, Time: 00:07:24

Health: 0/16       AC:  4    Str:  5    XL:     3   Next: 67%
Magic:  4/8        EV: 18    Int: 16    God:
Gold:   144        SH:  0    Dex: 16    Spells: 2 memorised, 5 levels left

rFire  . . .     SeeInvis +     a - +1 dagger
rCold  . . .     Gourm    .     b - +1 robe
rNeg   . . .     Faith    .     (shield restricted)
rPois  .         Spirit   .     (helmet restricted)
rElec  .         Dismiss  .     m - +0 cloak
rCorr  .         Reflect  .     (gloves unavailable)
SustAt .         Harm     .     (boots unavailable)
MR     .....                    (no amulet)
Stlth  +++.......               (no ring)
                                (no ring)

@: very slightly contaminated, very quick, not resistant to hostile
enchantments, fairly stealthy
A: unfitting armour, see invisible, herbivore 3, speed 3, slow metabolism 2
a: no special abilities


You were on level 2 of the Dungeon.
You were not hungry.

You visited 1 branch of the dungeon, and saw 2 of its levels.

You collected 144 gold pieces.

Inventory:

Hand Weapons
 a - a +1 dagger (weapon)
Armour
 b - a +1 robe (worn)
 m - a +0 cloak (worn)
Scrolls
 l - 2 scrolls of identify {unknown}
 n - a scroll of amnesia {unknown}
Potions
 g - a potion of resistance {unknown}
 h - a potion of heal wounds {unknown}
 i - a potion of ambrosia {unknown}
 j - a potion of might {unknown}
 k - 2 potions of lignification {unknown}
Books
 c - a book of Maledictions

   Spells                             Type                      Level
   a - Corona                         Hexes                        1
   b - Ensorcelled Hibernation        Hexes/Ice                    2
   c - Confuse                        Hexes                        3
   d - Tukima's Dance                 Hexes                        3
   e - Dazzling Spray                 Conjuration/Hexes            3
Comestibles
 d - a bread ration
 f - a slice of pizza


   Skills:
 - Level 2.1 Short Blades
 - Level 3.0 Dodging
 - Level 5.4 Stealth
 + Level 3.4 Spellcasting
 + Level 4.1 Hexes


You had 5 spell levels left.
You knew the following spells:

 Your Spells              Type           Power        Failure   Level  Hunger
a - Corona                Hex            ###....      3%          1    None
b - Ensorcelled Hibernat  Hex/Ice        #.....       14%         2    ##.....


Dungeon Overview and Level Annotations

Branches:
Dungeon (2/15)

Altars:

Annotations:
D:2 Robin


Innate Abilities, Weirdness & Mutations

You are tiny and cannot use many weapons and most armour.
You have supernaturally acute eyesight.
You are a herbivore.
You cover ground extremely quickly.
You need consume almost no food.


Message History

The goblin shouts!
The hobgoblin shouts!
The hobgoblin closely misses you.
Casting: Ensorcelled Hibernation
Confirm with . or Enter, or press ? or * to list all spells.
Aiming: Ensorcelled Hibernation
Press: ? - help, Shift-Dir - straight line, f/p - hobgoblin
Aim: a hobgoblin (chance to defeat MR: 79%)
The hobgoblin looks drowsy...
Robin shouts!
The goblin shouts!
The goblin shoots a stone.
The stone hits you.
The helpless hobgoblin fails to defend itself.
You impale the hobgoblin!!
You kill the hobgoblin!
Robin throws the goblin at you! The goblin hits you but does no damage.
You barely miss the goblin.
Robin roars a battlecry!
The goblins go into a battle-frenzy!
The goblin hits you with a hunting sling.
The hobgoblin hits you!
You die...

.........#####.......###........#
.........'...........+.'..)...>.#
.........#####.......###........#
...###########.......##........##
...# #..........##...>....# ####
#..........##.....(..#
#...############'###.#
#.....g......).#)###.#
+.....@........'..##.#
#......g.......#..##.#
#........(.....#..##.##
####....†g.#####.....(.
#....g..### ##..#'## #.........#
##..... ######....# #..... #....#
#..... #....# ##..##


You could see Robin, a hobgoblin and 2 goblins.

Vanquished Creatures
  An ooze (D:2)
  2 worms (D:2)
  2 dart slugs (D:1)
  A giant gecko (D:2)
  A giant cockroach (D:1)
  8 goblins
  6 hobgoblins
  2 jackals (D:1)
  3 kobolds
  A quokka (D:2)
  6 bats
  4 giant newts
  2 rats (D:1)
39 creatures vanquished.

Notes
Turn   | Place    | Note
--------------------------------------------------------------
     0 | D:1      | Moloch the Spriggan Enchanter began the quest for the Orb.
     0 | D:1      | Reached XP level 1. HP: 9/9 MP: 5/5
   576 | D:1      | Reached XP level 2. HP: 13/13 MP: 6/6
   609 | D:1      | Learned a level 2 spell: Ensorcelled Hibernation
   927 | D:1      | Reached skill level 5 in Stealth
  1399 | D:2      | Reached XP level 3. HP: 16/16 MP: 8/8
  1795 | D:2      | Noticed Robin
  2429 | D:2      | Slain by a hobgoblin

Vault maps used:
D:1:      grunt_arrival_lava_bath, minmay_misc_feat_room,
          minmay_misc_feat_four_crosses
D:2:      uniq_robin

Skill      XL: |  1  2  3 |
---------------+----------+-----
Hexes          | 4 |  4.1
Stealth        | 5 |  5.4
Spellcasting   | 3 |  3.4
Short Blades   | 2 |  2.1
Dodging        | |  3.0

Action                   || total
-------------------------++-------
Melee: Dagger            ||   157
 Cast: Ensorcelled Hiber ||    11
       Corona            ||     1
  Use: Scroll            ||     1
 Stab: Sleeping          ||    17
Armor: Robe              ||    29
Dodge: Dodged            ||   139
